 Dungeon Crawl Stone Soup version 0.32-a0-338-g4f8ebfe289 (webtiles) character file.

Game seed: 9302477001532089808

18019 Gargoyl the Cleaver (level 12, -13/76 HPs)
             Began as a Gargoyle Berserker on Feb 17, 2024.
             Was an Elder of Trog.
             Engulfed by a cloud of freezing vapour (20 damage)
             ... in an ice cave.
             The game lasted 00:20:53 (11607 turns).

Gargoyl the Cleaver (Gargoyle Berserker)           Turns: 11607, Time: 00:20:53

Health: -13/76     AC: 21    Str: 22    XL:     12   Next: 54%
Magic:  12/12      EV: 26    Int:  8    God:    Trog [****..]
Gold:   555        SH: 14    Dex: 11    Spells: 11/11 levels left

rFire   + + .        x - +1 war axe
rCold   . . .        m - +3 kite shield
rNeg    + . .        q - +3 ring mail {rF+}
rPois   ∞            (helmet restricted)
rElec   +            B - +0 cloak
rCorr   .            G - +0 pair of gloves
SInv    +            (no boots)
Will    .....        n - amulet of the acrobat
Stlth   +            z - ring of protection from fire
HPRegen 0.32/turn    s - ring of see invisible
MPRegen 0.13/turn

%: random rage (3%), acrobat
@: about to teleport, on berserk cooldown, acrobatic, slowed, very slow
A: sickness immunity, AC +8, negative energy resistance 1, electricity
resistance, torment resistance 1, petrification resistance, horns 1, berserk 1,
clumsy 1, screaming 1, wild magic 1
a: Renounce Religion, Berserk, Trog's Hand, Brothers in Arms


You were in an ice cave.
You worshipped Trog.
Trog was greatly pleased with you.
You visited 2 branches of the dungeon, and saw 10 of its levels.
You also visited: Bailey and Ice Cave.

You collected 747 gold pieces.
You spent 192 gold pieces at shops.

Inventory:

Hand Weapons
 c - a +1 scimitar of flaming
 x - a +1 war axe (weapon)
 D - a +5 trident
Missiles
 h - 5 poisoned darts (quivered)
 y - 4 throwing nets
Armour
 l - a +2 helmet
 m - a +3 kite shield (worn)
 q - a +3 ring mail of fire resistance (worn)
 B - a +0 cloak (worn)
 G - a +0 pair of gloves (worn)
Jewellery
 n - an amulet of the acrobat (around neck)
 s - a ring of see invisible (right hand)
 z - a ring of protection from fire (left hand)
 J - a ring of protection from fire
Wands
 b - a wand of flame (53)
 p - a wand of mindburst (23)
 r - a wand of acid (6)
 C - a wand of iceblast (9)
 H - a wand of charming (3)
Scrolls
 d - a scroll of vulnerability
 f - a scroll of immolation
 k - 2 scrolls of fear
 t - a scroll of teleportation
 u - a scroll of fog
 E - a scroll of identify
 F - a scroll of amnesia {unknown}
Potions
 a - 2 potions of experience
 e - 2 potions of berserk rage
 g - a potion of cancellation
 i - 4 potions of curing
 j - 3 potions of enlightenment
 o - 2 potions of attraction
 v - 4 potions of degeneration {unknown}
 w - a potion of resistance {unknown}
 A - a potion of haste {unknown}
 I - a potion of heal wounds


   Skills:
 + Level 9.0 Fighting
 + Level 12.5 Axes
 + Level 8.9 Armour
 + Level 4.7 Dodging
 + Level 1.8 Stealth
 + Level 10.2 Shields


You had 11 spell levels left.
You didn't know any spells.
Your spell library was empty.

Dungeon Overview and Level Annotations

Branches:
Dungeon (9/15)             Temple (0/1) D:5            Lair (1/5) D:9
 Bailey (visited)           IceCv (1/1)
    Orc: D:9-12

Altars:
Cheibriados
Hepliaklqana
Kikubaaqudgha
Nemelex Xobeh
Qazlal
Ru
Trog
Wu Jian

Shops:
D:5 *


Innate Abilities, Weirdness & Mutations

You are immune to sickness and miasma.
Your stone body is resilient. (AC +8)
You are immune to poison.
You resist negative energy. (rN+)
You are resistant to electric shocks. (rElec)
You are resistant to unholy torment.
You are immune to petrification.
You have a pair of small horns on your head.
You sometimes lose your temper in combat.
You are clumsy. (Dex -2)
You occasionally shout uncontrollably at your foes.
Your spells are a little harder to cast, but a little more powerful.


Message History

You slash the death yak!
The frost giant hits you with a +1 battleaxe of freezing!
The frost giant freezes you.
You hit the frost giant. You headbutt the frost giant!
The frost giant is heavily wounded.
You slash the death yak!
The death yak gores you but does no damage.
Unknown command.
You slice the frost giant!!
The frost giant is severely wounded.
You barely miss the death yak.
The frost giant hits you with a +1 battleaxe of freezing!!
* * * LOW HITPOINT WARNING * * *
The frost giant freezes you.
* * * LOW HITPOINT WARNING * * *
You block the death yak's attack.
You hit the frost giant.
The frost giant is almost dead.
You hit the death yak. You block the frost giant's attack.
Unknown command.
You hit the frost giant but do no damage.
You headbutt the frost giant, but do no damage.
The frost giant is almost dead.
You slash the death yak! You block the death yak's attack.
Unknown command.
You slice the frost giant!!
You kill the frost giant!
Trog accepts your kill.
Trog appreciates your killing of a magic user.
You hit the death yak.
Your Fighting skill increases to level 9!
Unknown command.
You feel a strong urge to attack something.
You are no longer berserk.
You are exhausted.
You feel yourself slow down.
As you read the scroll of teleportation, it crumbles to dust.
You feel strangely unstable.
You are engulfed in freezing vapours.
You die...

#######.....###.##
##.....#.##
##...○.##
##...##§###
####...###§§○#
####....####☼§☼###
..#...###
#.§#§§§## ....###
######h§# #####
######.###@§# #
##[..#.#.##§## ##
#..⌠..###hY##
.######...##.Y###
....#####..##).Y#
.....####..###h..#
##....#...## h...#
###....### ...##
#..##### .###


You could see a death yak and a wolf (wandering).

Vanquished Creatures
  A frost giant (IceCv)
  The ghost of temujin the Thaumaturge, a journeyman DjCj of Hepliaklqana (D:8)
  Pikel (D:5)
  An orc knight (Bailey)
  An ugly thing (IceCv)
  An ice statue (IceCv)
  An efreet (D:9)
  A rime drake (Lair:1)
  9 polar bears (IceCv)
  31 yaks
  2 basilisks (Lair:1)
  Eustachio (D:4)
  A steam dragon (D:7)
  Menkaure (D:4)
  2 water moccasins (Lair:1)
  2 acid dragons
  14 orc warriors
  An ice beast (D:6)
  3 sky beasts (D:7)
  A centaur (D:7)
  3 ogres
  22 wolves
  4 lemures (D:5)
  9 bullfrogs
  A gnoll sergeant (D:6)
  4 scorpions
  A wyvern skeleton (D:3)
  5 wights (D:8)
  6 killer bees
  3 bombardier beetles (D:5)
  4 howler monkeys
  A centaur zombie (D:3)
  A bullfrog zombie (D:3)
  2 jellies
  4 hounds
  Crazy Yiuf (D:7)
  3 gnoll boudas
  6 orc priests
  A bullfrog skeleton (D:3)
  5 orc wizards
  Natasha (twice) (D:4)
  2 iguanas (D:5)
  Robin (D:2)
  20 gnolls
  8 adders
  A shadow imp (D:4)
  4 dart slugs
  A ribbon worm (D:6)
  42 orcs
  7 ball pythons
  12 endoplasms
  4 giant cockroaches
  18 goblins
  14 hobgoblins
  6 jackals
  5 quokkas
  9 bats
  10 frilled lizards
  7 kobolds
  8 rats
343 creatures vanquished.

Vanquished Creatures (collateral kills)
  The ghost of HourglassMan the Chopper, an amateur MDFi of Makhleb (D:3)
  A ball python (D:3)
2 creatures vanquished.

Grand Total: 345 creatures vanquished

Notes
Turn   | Place    | Note
-------+----------+-------------------------------------------
     0 | D:1      | Gargoyl the Gargoyle Berserker began the quest for the Orb.
     0 | D:1      | Reached XP level 1. HP: 14/14 MP: 1/1
   145 | D:1      | Reached XP level 2. HP: 19/19 MP: 2/2
   170 | D:1      | Reached skill level 3 in Axes
   400 | D:1      | Reached XP level 3. HP: 20/24 MP: 3/3
   852 | D:2      | Reached ** piety under Trog
   930 | D:2      | Noticed Robin
   938 | D:2      | Reached XP level 4. HP: 29/29 MP: 4/4
   949 | D:2      | Killed Robin
  1240 | D:2      | Reached skill level 4 in Axes
  1420 | D:2      | Reached XP level 5. HP: 34/34 MP: 5/5
  1667 | D:2      | Identified the +4 spear of the Scavenger {heavy, ^Fragile
                  | Fly Int+8 Stlth-}
  1982 | D:3      | Reached *** piety under Trog
  2308 | D:3      | Reached XP level 6. HP: 27/39 MP: 6/6
  2338 | D:3      | Reached skill level 5 in Axes
  2389 | D:3      | Found a runed translucent gate.
  2389 | D:3      | Found a runed translucent gate.
  2389 | D:3      | Found a runed translucent gate.
  2391 | D:3      | Noticed HourglassMan's ghost (amateur MDFi)
  2454 | D:3      | Found an ornate altar of the Wu Jian Council.
  2696 | D:3      | Found a stormy altar of Qazlal.
  2806 | D:3      | Reached XP level 7. HP: 16/44 MP: 7/7
  2812 | D:3      | HP: 2/44 [HourglassMan's ghost (13)]
  2822 | D:3      | Killed HourglassMan's ghost
  2823 | D:3      | Reached skill level 5 in Fighting
  2823 | D:3      | Reached skill level 6 in Axes
  2944 | D:4      | Noticed Eustachio
  3147 | D:4      | Killed Eustachio
  3234 | D:4      | Reached XP level 8. HP: 49/49 MP: 8/8
  3296 | D:4      | Found a sacrificial altar of Ru.
  3417 | D:4      | Noticed Natasha
  3434 | D:4      | Killed Natasha
  3555 | D:4      | Reached skill level 5 in Armour
  3589 | D:4      | Reached skill level 7 in Axes
  3830 | D:4      | Noticed Menkaure
  3840 | D:4      | Killed Menkaure
  4008 | D:4      | Noticed Natasha
  4019 | D:4      | Killed Natasha
  4020 | D:4      | Reached skill level 1 in Shields
  4259 | D:5      | Entered Level 5 of the Dungeon
  4597 | D:5      | Found Goir's Assorted Antiques.
  4609 | D:5      | Bought a scroll of teleportation for 96 gold pieces
  4609 | D:5      | Bought a potion of curing for 96 gold pieces
  4624 | D:5      | Noticed Pikel
  4638 | D:5      | Reached XP level 9. HP: 55/55 MP: 9/9
  4644 | D:5      | Killed Pikel
  4645 | D:5      | Reached skill level 8 in Axes
  4688 | D:5      | Found an ancient bone altar of Kikubaaqudgha.
  4870 | D:5      | Found a staircase to the Ecumenical Temple.
  5483 | D:6      | Reached skill level 5 in Shields
  6095 | D:6      | Identified the +0 leather armour "Tohadauz" {Will+}
  6171 | D:6      | Reached skill level 9 in Axes
  6522 | D:7      | Gained mutation: Your mind is acute. (Int +4, Str/Dex -1)
                  | [potion of mutation]
  6522 | D:7      | Gained mutation: You are covered in fur. (AC +1) [potion of
                  | mutation]
  6522 | D:7      | Gained mutation: Your spells are a little harder to cast,
                  | but a little more powerful. [potion of mutation]
  6523 | D:7      | Lost mutation: You are covered in fur. (AC +1) [potion of
                  | mutation]
  6523 | D:7      | Lost mutation: Your mind is acute. (Int +4, Str/Dex -1)
                  | [potion of mutation]
  6523 | D:7      | Gained mutation: You sometimes lose your temper in combat.
                  | [potion of mutation]
  6523 | D:7      | Gained mutation: You occasionally shout uncontrollably at
                  | your foes. [potion of mutation]
  6523 | D:7      | Gained mutation: You are clumsy. (Dex -2) [potion of
                  | mutation]
  6523 | D:7      | Gained mutation: You have a pair of small horns on your
                  | head. [potion of mutation]
  6583 | D:7      | Reached XP level 10. HP: 61/63 MP: 10/10
  6782 | D:7      | Found a snail-covered altar of Cheibriados.
  6805 | D:7      | Found a bloodstained altar of Trog.
  7029 | D:7      | Found a runed translucent door.
  7030 | D:7      | Noticed Crazy Yiuf
  7334 | D:7      | Killed Crazy Yiuf
  7821 | D:8      | Found a sparkling altar of Nemelex Xobeh.
  7961 | D:8      | Found a flagged portal.
  7973 | Bailey   | Entered a bailey
  8570 | Bailey   | Reached **** piety under Trog
  8649 | Bailey   | Reached skill level 10 in Axes
  8775 | Bailey   | Noticed an orc knight
  8783 | Bailey   | Killed an orc knight
  8925 | D:8      | Reached XP level 11. HP: 68/68 MP: 11/11
  9133 | D:8      | Found a runed translucent door.
  9134 | D:8      | Noticed temujin's ghost (journeyman DjCj)
  9150 | D:8      | Killed temujin's ghost
  9244 | D:9      | Found a hazy altar of Hepliaklqana.
  9657 | D:9      | Found a staircase to the Lair.
  9746 | D:9      | Reached skill level 11 in Axes
  9767 | D:9      | Reached skill level 1 in Stealth
 10037 | Lair:1   | Entered Level 1 of the Lair of Beasts
 10263 | Lair:1   | Found a frozen archway.
 10289 | IceCv    | Entered an ice cave
 10666 | IceCv    | Reached XP level 12. HP: 19/75 MP: 12/12
 11056 | IceCv    | Reached skill level 12 in Axes
 11087 | IceCv    | Reached skill level 10 in Shields
 11442 | IceCv    | Noticed a death yak
 11442 | IceCv    | Noticed a death yak
 11442 | IceCv    | Noticed a frost giant
 11442 | IceCv    | Noticed a death yak
 11602 | IceCv    | Killed a frost giant
 11607 | IceCv    | Engulfed by a cloud of freezing vapour

Illustrated notes

Levels and vault maps discovered:
D:1:      minmay_arrival_four_circles, layout_basic, item_on_display_a
D:2:      minmay_chambers_of_twos, layout_basic, dk_vineyard_3, uniq_robin
D:3:      kb_forest_paths, layout_basic, old_standard_altar,
          mainiacjoe_overflow_concentric_impassable, gammafunk_ghost_necromancy
D:4:      layout_basic, nicolae_ru_sacrificial_ziggurat, uniq_eustachio,
          uniq_menkaure, uniq_natasha
D:5:      layout_cave_pools, mainiacjoe_overflow_paths, temple_pool_b,
          serial_shops, shop, nicolae_grassy_gnolls, uniq_pikel
D:6:      layout_basic, mainiacjoe_sewer_entry_somewhere_in_here_1, minivault_4
D:7:      layout_loops_cross, jmf_multi_god_temple2, uniq_crazy_yiuf_cottage
D:8:      layout_cave_pods, mainiacjoe_overflow_brackets, enter_bailey_6,
          ebering_ghost_reflecting_pool
D:9:      layout_rooms, mainiacjoe_overflow_cross_hatched, lair_entry_dummy,
          minmay_strange_pillars
Lair:1:   layout_cave_shapes, special_room [special_room_bee],
          portal_ice_cave_entry_pillars_2, tgw_fedhas, lemuel_fruit_tree
IceCv:    ice_cave_caverns_01

Skill      XL: |  1  2  3  4  5  6  7  8  9 10 11 12 |
---------------+-------------------------------------+-----
Axes           | 3 4 5 6 7 9 10 11 12 | 12.5
Fighting       | 4 5 6 7 8 9 |  9.0
Armour         | 3 4 5 6 7 8 |  8.9
Dodging        | 2 4 |  4.7
Shields        | 3 6 8 9 10 | 10.2
Stealth        | 1 |  1.8

Action                     |  1- 3 |  4- 6 |  7- 9 | 10-12 || total
---------------------------+-------+-------+-------+-------++-------
  Melee: Hand axe          |    80 |   206 |   439 |   141 ||   866
         Headbutt          |       |       |     6 |   143 ||   149
         War axe           |       |       |       |   493 ||   493
 Invoke: Berserk           |     1 |     2 |    15 |    17 ||    35
         Trog's Hand       |       |     1 |     7 |    10 ||    18
    Use: Scroll            |     2 |     3 |     9 |    13 ||    27
         Potion            |       |       |     5 |     2 ||     7
 Armour: Plate armour      |    92 |   223 |   391 |   157 ||   863
         Animal skin       |     1 |       |       |       ||     1
         Ring mail         |       |       |       |   286 ||   286
  Dodge: Dodged            |    38 |    73 |   130 |   258 ||   499
  Block: Kite shield       |       |       |   201 |   563 ||   764

Table legend: (Time is in decaauts)
 A = Elapsed time spent in this place.
 B = Non-inter-level travel time spent in this place.
 C = Inter-level travel time spent in this place.
 D = Time resting spent in this place.
 E = Time spent auto-exploring this place.
 F = Levels seen in this place.
 G = Mean time per level.
                   A        B        C        D        E       F      G
               +--------+--------+--------+--------+--------+-----+--------+
         Total |  12044 |  11771 |    273 |   1637 |   6912 |  12 | 1003.7 |
       Dungeon |   9411 |   9138 |    273 |    473 |   6120 |   9 | 1045.7 |
          Lair |    257 |    257 |      0 |    111 |     54 |   1 |  257.0 |
        Bailey |    992 |    992 |      0 |    462 |    307 |   1 |  992.0 |
      Ice Cave |   1382 |   1382 |      0 |    591 |    431 |   1 | 1382.0 |
               +--------+--------+--------+--------+--------+-----+--------+

Top non-repeatable levels by time:
     D:4: 1474 daAuts
   IceCv: 1382 daAuts
     D:3: 1348 daAuts
     D:6: 1327 daAuts
  Bailey: 992 daAuts
     D:2: 969 daAuts
     D:8: 955 daAuts
     D:7: 898 daAuts
     D:1: 856 daAuts
     D:9: 843 daAuts
     D:5: 738 daAuts
  Lair:1: 257 daAuts
